[Event "Deloitte NED-ch Women 2019"]
[Site "Amsterdam"]
[Date "2019.07.05"]
[Round "5.8"]
[White "Kazarian, Anna-Maja"]
[Black "Van Foreest, Machteld"]
[Result "1-0"]
[ECO "E17"]
[WhiteElo "2142"]
[BlackElo "2058"]
[Annotator "NA"]
[PlyCount "111"]
[EventDate "2019.07.01"]
[EventType "tourn"]
[EventCountry "NED"]
[SourceTitle "playchess.com"]
[Source "ChessBase"]
[SourceQuality "1"]
[TimeControl "40/5400+30:1800+30"]

1. Nf3 Nf6 2. c4 b6 3. g3 Bb7 4. Bg2 e6 5. O-O Be7 6. d4 O-O 7. Re1 Na6 8. a3 c6 9. e4 d5 10. cxd5 exd5 11. e5 Ne4 12. Nfd2 Nxd2 13. Nxd2 c5 14. Nf3 Nc7 15. h4 Ne6 16. Qd3 a5 17. Bd2 Ba6 18. Qf5 cxd4 19. Qg4 d3 20. Nd4 Nxd4 21. Qxd4 Rc8 22. Bc3 Bc5 23. Qg4 d4 24. Bd2 f5 25. Qf3 Be7 26. Rac1 Qd7 27. e6 Qb5 28. Qf4 Qxb2 29. Rb1 Qxa3 30. Rxb6 Bc4 31. Rb7 Qd6 32. Qxd6 Bxd6 33. Bxa5 Rfe8 34. Rd7 Bc5 35. Bd5 Bxd5 36. Rxd5 Rc6 37. Rxf5 Bb6 38. Bb4 g6 39. Rfe5 Rc4 40. Rb5 Rxb4 41. Rxb4 Ba5 42. Reb1 d2 43. Rxd4 Rxe6 44. Rb8+ Kg7 45. Rb7+ Kh6 46. Kg2 g5 47. hxg5+ Kg6 48. Rbd7 Bc3 49. Rd3 Bb4 50. f4 Re1 51. Kf3 Kf5 52. R3d5+ Kg6 53. Kg4 h5+ 54. gxh6 Kxh6 55. Rh5+ Kg6 56. f5+ 1-0

[Event "Deloitte NED-ch Women 2019"]
[Site "Amsterdam"]
[Date "2019.07.06"]
[Round "6.3"]
[White "Paulet, Iozefina"]
[Black "Kazarian, Anna-Maja"]
[Result "1-0"]
[ECO "B13"]
[WhiteElo "2262"]
[BlackElo "2142"]
[Annotator "NA"]
[PlyCount "189"]
[EventDate "2019.07.01"]
[EventType "tourn"]
[EventCountry "NED"]
[SourceTitle "playchess.com"]
[Source "ChessBase"]
[SourceQuality "1"]
[TimeControl "40/5400+30:1800+30"]

1. e4 c6 2. d4 d5 3. exd5 cxd5 4. Bf4 Nc6 5. c3 Bf5 6. Nd2 e6 7. Ngf3 Bd6 8. Bxd6 Qxd6 9. Bb5 Nge7 10. Nh4 O-O 11. O-O Bg6 12. Re1 a6 13. Bf1 Rad8 14. Nb3 e5 15. dxe5 Nxe5 16. Nd4 N5c6 17. Nxg6 hxg6 18. Nf3 Qf6 19. Qb3 Rd7 20. Rad1 Rfd8 21. Rd2 Nf5 22. Rde2 d4 23. cxd4 Ncxd4 24. Nxd4 Qxd4 25. Qc2 Qf4 26. Re4 Qg5 27. Qc5 Kh7 28. Re8 Rxe8 29. Rxe8 Rd8 30. Qf8 Rxe8 31. Qxe8 Qf6 32. b3 b5 33. h3 Nd4 34. Qe3 Nf5 35. Qa7 Kg8 36. Qa8+ Kh7 37. Qf3 Qe6 38. Qe2 Qd6 39. Qe8 Qd5 40. Qc8 a5 41. Qa6 b4 42. Qd3 Qe5 43. Qb5 Qd4 44. Qc4 Qf6 45. Qd5 Nd6 46. g3 Qe7 47. Bd3 Qc7 48. Kg2 Ne8 49. h4 Nf6 50. Qb5 Kg8 51. Bc4 Kh7 52. Bd3 Kg8 53. Qa6 Qd7 54. Qa8+ Kh7 55. Qf3 Kg8 56. Bc4 Kh7 57. Qf4 Qb7+ 58. Kg1 Qd7 59. Qg5 Qc7 60. Qe3 Qd7 61. Qc5 Qd1+ 62. Kg2 Qc2 63. Qxa5 Ng4 64. Qa7 Qe4+ 65. Kg1 Ne5 66. Qe3 Qb1+ 67. Bf1 f6 68. Qe2 Nc6 69. h5 Ne5 70. Kg2 g5 71. f4 gxf4 72. gxf4 Nc6 73. Kf2 Kh6 74. Qc4 Ne7 75. Be2 Qxa2 76. Qxb4 Qa7+ 77. Ke1 Qe3 78. Qb8 Qg1+ 79. Kd2 Qd4+ 80. Kc2 Qe4+ 81. Bd3 Qc6+ 82. Kb2 Kxh5 83. Qh8+ Kg4 84. Qxg7+ Kxf4 85. Qxe7 f5 86. Qe2 Qc5 87. Qf1+ Kg3 88. Qxf5 Qd4+ 89. Ka3 Qa7+ 90. Kb4 Qb6+ 91. Kc3 Qc7+ 92. Bc4 Qg7+ 93. Kd3 Qb2 94. Qg5+ Kf2 95. Qd2+ 1-0

[Event "Deloitte NED-ch Women 2019"]
[Site "Amsterdam"]
[Date "2019.07.06"]
[Round "6.5"]
[White "Lanchava, Tea"]
[Black "Ratsma, Rosa"]
[Result "0-1"]
[ECO "E14"]
[WhiteElo "2315"]
[BlackElo "2282"]
[Annotator "NA"]
[PlyCount "156"]
[EventDate "2019.07.01"]
[EventType "tourn"]
[EventCountry "NED"]
[SourceTitle "playchess.com"]
[Source "ChessBase"]
[SourceQuality "1"]
[TimeControl "40/5400+30:1800+30"]

1. c4 Nf6 2. Nf3 e6 3. b3 d5 4. e3 Bd6 5. Bb2 b6 6. d4 O-O 7. Nbd2 Bb7 8. Bd3 Nbd7 9. O-O Ne4 10. Rc1 f5 11. Ne5 Bxe5 12. dxe5 Nxd2 13. Qxd2 Nc5 14. Be2 dxc4 15. Qxd8 Rfxd8 16. Bxc4 Ba6 17. Bd4 Bxc4 18. Rxc4 Na6 19. Rc6 Kf7 20. g4 g6 21. gxf5 gxf5 22. b4 Rd7 23. a3 Rg8+ 24. Kh1 Nb8 25. Rc4 c6 26. a4 Rc8 27. Rfc1 Rdc7 28. Bb2 Rg8 29. Rh4 Rg7 30. Rh6 Nd7 31. f4 Nf8 32. Rd1 Rg6 33. Rh5 Ke7 34. Rf1 Rd7 35. Bd4 Kd8 36. a5 Kc7 37. Ra1 Kb7 38. a6+ Kc7 39. Rc1 Rd5 40. Rh3 Rb5 41. Bc3 Rd5 42. e4 fxe4 43. Re3 Rg4 44. Rxe4 Ng6 45. Rf1 Rd3 46. Bd4 Ne7 47. Bg1 Nd5 48. Rc4 Rb3 49. Rfc1 Nxb4 50. f5 exf5 51. Rxg4 fxg4 52. e6 Kd6 53. Re1 Nd5 54. Bf2 Rf3 55. Bg3+ Ke7 56. Bb8 Ra3 57. Re4 Rxa6 58. Bg3 Ra1+ 59. Kg2 Ra2+ 60. Kg1 Rd2 61. Bh4+ Kd6 62. Bg3+ Kc5 63. e7 Nxe7 64. Rxe7 h5 65. Rxa7 b5 66. Bf2+ Kc4 67. Rc7 Rd6 68. Rf7 Rd5 69. Be1 c5 70. Kf2 b4 71. Rb7 Kb3 72. Ke2 Rd4 73. Bh4 c4 74. Be7 Re4+ 75. Kd1 c3 76. Bg5 Kb2 77. Bc1+ Kb1 78. Be3 c2+ 0-1

[Event "Deloitte NED-ch Women 2019"]
[Site "Amsterdam"]
[Date "2019.07.06"]
[Round "6.6"]
[White "Van Foreest, Machteld"]
[Black "Van Weersel, Arlette"]
[Result "0-1"]
[ECO "B01"]
[WhiteElo "2058"]
[BlackElo "2176"]
[Annotator "NA"]
[PlyCount "102"]
[EventDate "2019.07.01"]
[EventType "tourn"]
[EventCountry "NED"]
[SourceTitle "playchess.com"]
[Source "ChessBase"]
[SourceQuality "1"]
[TimeControl "40/5400+30:1800+30"]

1. e4 d5 2. exd5 Qxd5 3. Nc3 Qd6 4. d4 Nf6 5. Nf3 c6 6. Be3 Bf5 7. Qd2 e6 8. Nh4 Bg6 9. Nxg6 hxg6 10. O-O-O Qc7 11. Bf4 Bd6 12. Bxd6 Qxd6 13. h4 Nbd7 14. Be2 Nb6 15. g4 O-O-O 16. h5 gxh5 17. gxh5 e5 18. d5 Nbxd5 19. Qg5 Qe7 20. Qf5+ Kb8 21. Nxd5 Nxd5 22. Bc4 f6 23. Bxd5 Rxd5 24. Rxd5 cxd5 25. f4 Kc7 26. Rd1 Rd8 27. Re1 e4 28. c3 Rd7 29. Qg6 Qd6 30. Qg4 Qc5 31. Qg3 f5 32. Rd1 d4 33. Qg1 e3 34. Qf1 Re7 35. Rxd4 e2 36. Qe1 Qc6 37. Kd2 Qf3 38. Rc4+ Kb8 39. Rd4 Qxh5 40. Rd3 Qg4 41. Rd4 g5 42. Kc2 Qg2 43. fxg5 Qxg5 44. Kb3 Re8 45. Rd7 f4 46. a4 Qf5 47. Rd4 Qf7+ 48. Ka3 f3 49. b4 f2 50. Qd2 Qc7 51. Rd7 e1=Q 0-1

[Event "Deloitte NED-ch Women 2019"]
[Site "Amsterdam"]
[Date "2019.07.06"]
[Round "6.8"]
[White "Roebers, Eline"]
[Black "Keetman, Maaike"]
[Result "0-1"]
[ECO "C16"]
[WhiteElo "2069"]
[BlackElo "2153"]
[Annotator "NA"]
[PlyCount "104"]
[EventDate "2019.07.01"]
[EventType "tourn"]
[EventCountry "NED"]
[SourceTitle "playchess.com"]
[Source "ChessBase"]
[SourceQuality "1"]
[TimeControl "40/5400+30:1800+30"]

1. e4 e6 2. d4 d5 3. Nc3 Bb4 4. e5 Ne7 5. a3 Bxc3+ 6. bxc3 b6 7. Qg4 Ng6 8. h4 h5 9. Qd1 c5 10. Be2 Nxh4 11. g3 Nf5 12. Rxh5 Rxh5 13. Bxh5 Qc7 14. Ne2 Ba6 15. Bb2 Nc6 16. Nf4 O-O-O 17. Qd2 Na5 18. Nd3 Nc4 19. Qc1 Rh8 20. Bf3 Nxb2 21. Qxb2 cxd4 22. cxd4 Qc4 23. O-O-O Nxd4 24. Ne1 Nc6 25. Ng2 Kb8 26. Ne3 Qc5 27. Kb1 Rc8 28. Ng4 Rd8 29. Rd2 Na5 30. Ne3 d4 31. c3 d3 32. Qb4 Qxe5 33. Ng4 Qc5 34. Qf4+ Qc7 35. Ne5 f6 36. Ng6 Nc4 37. Qxc7+ Kxc7 38. Rd1 Nxa3+ 39. Kb2 Nc4+ 40. Kb3 e5 41. Be4 Na5+ 42. Kb4 Nb7 43. Ne7 Nc5 44. Bf3 e4 45. Bg4 d2 46. Ka3 Bb5 47. Rb1 Ba4 48. Bd1 Bxd1 49. Rxd1 Rd3 50. Kb4 a5+ 51. Kc4 Na4 52. Kb3 Nxc3 0-1

[Event "Deloitte NED-ch Women 2019"]
[Site "Amsterdam"]
[Date "2019.07.07"]
[Round "7.3"]
[White "Ratsma, Rosa"]
[Black "Van Foreest, Machteld"]
[Result "0-1"]
[ECO "C63"]
[WhiteElo "2282"]
[BlackElo "2058"]
[Annotator "NA"]
[PlyCount "182"]
[EventDate "2019.07.01"]
[EventType "tourn"]
[EventCountry "NED"]
[SourceTitle "playchess.com"]
[Source "ChessBase"]
[SourceQuality "1"]
[TimeControl "40/5400+30:1800+30"]

1. e4 e5 2. Nf3 Nc6 3. Bb5 f5 4. d3 fxe4 5. dxe4 Nf6 6. O-O d6 7. Bc4 Bg4 8. h3 Bh5 9. Nc3 Qd7 10. Be3 h6 11. b4 g5 12. Nd5 Bg7 13. c3 Nxd5 14. Bxd5 a6 15. Rb1 Bf7 16. Nd2 O-O 17. Qg4 Qxg4 18. Bxf7+ Kxf7 19. hxg4 Rfd8 20. Rfd1 b5 21. Nf1 Ne7 22. Ng3 Rd7 23. Rd3 Rad8 24. Rbd1 Ke8 25. f3 d5 26. Bc5 dxe4 27. Rxd7 Rxd7 28. Rxd7 Kxd7 29. fxe4 Bf8 30. Kf2 Ng6 31. Bxf8 Nxf8 32. Nf5 Ke6 33. Nxh6 Nd7 34. Nf5 Nb6 35. Ne3 c6 36. Ke2 Nc4 37. Nd1 a5 38. bxa5 Nxa5 39. Kd3 Nb7 40. Nb2 Nc5+ 41. Ke3 Na6 42. a3 Nc5 43. c4 Na4 44. Nd1 bxc4 45. Kd2 Nc5 46. Nf2 Na4 47. Kc2 Ke7 48. Nd1 Nc5 49. Kc3 Nxe4+ 50. Kxc4 Kd6 51. Ne3 Nd2+ 52. Kb4 c5+ 53. Kc3 Ne4+ 54. Kd3 Nf6 55. a4 e4+ 56. Kc4 Kc6 57. Kb3 Nd5 58. Nc4 Nb6 59. Ne5+ Kd5 60. Nf7 c4+ 61. Kb4 e3 62. Nxg5 Kd4 63. Nf3+ Kd3 64. Ne5+ Kd4 65. Nf3+ Kd3 66. Ne5+ Ke4 67. Nf3 Kd3 68. Ne5+ Ke4 69. Nf3 Kd3 70. g5 c3 71. Kb3 Nxa4 72. g6 Nc5+ 73. Kb4 Ne6 74. Kb3 e2 75. Ne1+ Kd2 76. Nf3+ Kd3 77. Ne1+ Kd2 78. Nf3+ Kd1 79. Kxc3 Ng5 80. Ne1 Kxe1 81. g7 Ne4+ 82. Kd4 Nf6 83. Ke5 Ng8 84. Ke6 Kf2 85. Kf7 e1=Q 86. Kxg8 Qe8+ 87. Kh7 Qh5+ 88. Kg8 Kg3 89. Kf8 Qf5+ 90. Ke7 Qg6 91. Kf8 Qf6+ 0-1

[Event "Deloitte NED-ch Women 2019"]
[Site "Amsterdam"]
[Date "2019.07.07"]
[Round "7.5"]
[White "Van Weersel, Arlette"]
[Black "Paulet, Iozefina"]
[Result "0-1"]
[ECO "C01"]
[WhiteElo "2176"]
[BlackElo "2262"]
[Annotator "NA"]
[PlyCount "142"]
[EventDate "2019.07.01"]
[EventType "tourn"]
[EventCountry "NED"]
[SourceTitle "playchess.com"]
[Source "ChessBase"]
[SourceQuality "1"]
[TimeControl "40/5400+30:1800+30"]

1. e4 e6 2. d4 d5 3. exd5 exd5 4. Nf3 Bd6 5. c4 Nf6 6. c5 Be7 7. Bd3 O-O 8. O-O b6 9. Be3 Bg4 10. Nbd2 bxc5 11. dxc5 a5 12. Rc1 c6 13. Qa4 Na6 14. Ne5 Bd7 15. a3 Qc7 16. Ndf3 Rfe8 17. Nxd7 Nxd7 18. Bb1 g6 19. Nd4 Rec8 20. Nb3 Qe5 21. Rfe1 Qh5 22. Bd3 Bf8 23. Be2 Qe5 24. Bd4 Qf4 25. g3 Qf5 26. Be3 h5 27. Qd4 a4 28. Bd3 Qe5 29. Bxa6 Qxd4 30. Nxd4 Rxa6 31. Rc2 Bxc5 32. Rec1 Bxd4 33. Bxd4 c5 34. Be3 Rac6 35. Rd1 d4 36. Bf4 Nb6 37. Kf1 f6 38. Re2 g5 39. Bc1 Kf7 40. h3 Re8 41. Rc2 Ree6 42. Rd3 Red6 43. f4 c4 44. Rd1 d3 45. Rh2 Kg6 46. Bd2 Nd5 47. fxg5 fxg5 48. Rc1 Rf6+ 49. Kg1 Rf3 50. Rg2 Rf7 51. Re1 Re7 52. Rc1 Rb7 53. Be1 Ne3 54. Rf2 Nf5 55. Kg2 Nd4 56. Bb4 Rf7 57. Rxf7 Kxf7 58. Kf2 Ke6 59. Re1+ Ne2 60. Kf3 Kd5 61. g4 Rf6+ 62. Ke3 Nd4 63. Rg1 Rf3+ 64. Kd2 Rf2+ 65. Ke1 Rxb2 66. gxh5 Nf3+ 67. Kf1 Rb1+ 68. Kf2 Nxg1 69. Kg2 Ne2 70. h6 Nf4+ 71. Kf3 Rh1 0-1

[Event "Deloitte NED-ch Women 2019"]
[Site "Amsterdam"]
[Date "2019.07.07"]
[Round "7.6"]
[White "Keetman, Maaike"]
[Black "Lanchava, Tea"]
[Result "0-1"]
[ECO "B07"]
[WhiteElo "2153"]
[BlackElo "2315"]
[Annotator "NA"]
[PlyCount "92"]
[EventDate "2019.07.01"]
[EventType "tourn"]
[EventCountry "NED"]
[SourceTitle "playchess.com"]
[Source "ChessBase"]
[SourceQuality "1"]
[TimeControl "40/5400+30:1800+30"]

1. e4 g6 2. d4 Bg7 3. Nf3 d6 4. Bd3 Nf6 5. O-O O-O 6. h3 Nc6 7. c3 e5 8. Re1 Nh5 9. Be3 Re8 10. Qd2 a5 11. a4 Bd7 12. Na3 exd4 13. Nxd4 Nxd4 14. cxd4 Bxa4 15. Nc4 b5 16. Nxa5 c5 17. Nc6 Qd7 18. d5 b4 19. Qe2 Qb7 20. Bg5 h6 21. Be3 Nf6 22. f3 Nd7 23. Bc4 Nb6 24. Bd3 Rec8 25. Bf4 Bxc6 26. Ba6 Qc7 27. Bxc8 Ba4 28. Ba6 c4 29. Rxa4 Nxa4 30. Bxc4 Nxb2 31. Bb3 Qc3 32. Bc2 b3 33. Bb1 Nc4 34. Rc1 Qd4+ 35. Kh1 Ra4 36. Rd1 Qc3 37. Rc1 Qb4 38. Bd3 Na3 39. Bd2 Qb6 40. Rc6 Qb8 41. Qd1 Ra7 42. Bf4 Bf8 43. Be3 Rb7 44. Qa1 b2 45. Qxa3 Rb3 46. Rb6 Qxb6 0-1

[Event "Deloitte NED-ch Women 2019"]
[Site "Amsterdam"]
[Date "2019.07.07"]
[Round "7.8"]
[White "Kazarian, Anna-Maja"]
[Black "Roebers, Eline"]
[Result "1/2-1/2"]
[ECO "B48"]
[WhiteElo "2142"]
[BlackElo "2069"]
[Annotator "NA"]
[PlyCount "92"]
[EventDate "2019.07.01"]
[EventType "tourn"]
[EventCountry "NED"]
[SourceTitle "playchess.com"]
[Source "ChessBase"]
[SourceQuality "1"]
[TimeControl "40/5400+30:1800+30"]

1. e4 c5 2. Nf3 e6 3. d4 cxd4 4. Nxd4 Nc6 5. Nc3 Qc7 6. Nb3 a6 7. Be3 Nf6 8. Bd3 Be7 9. f4 d5 10. e5 Nd7 11. a4 b6 12. O-O Nc5 13. Nd4 O-O 14. Kh1 Nxd3 15. cxd3 f6 16. Qg4 Bc5 17. Nce2 fxe5 18. fxe5 Rxf1+ 19. Rxf1 Nxe5 20. Qg3 Bd6 21. Rc1 Qd7 22. Bf4 Nf7 23. Bxd6 Qxd6 24. Qxd6 Nxd6 25. Rc6 Nb7 26. Nb3 b5 27. a5 Nd8 28. Rb6 Nf7 29. Nf4 Ne5 30. Nc5 Kf7 31. b3 Nd7 32. Nxd7 Bxd7 33. d4 Rc8 34. Nd3 Rc3 35. Ne5+ Ke7 36. h3 Bc8 37. b4 Rb3 38. Kh2 h6 39. Nc6+ Kd7 40. Nb8+ Ke7 41. Nc6+ Kd7 42. Ne5+ Kc7 43. Rc6+ Kb7 44. Rb6+ Kc7 45. Rc6+ Kb7 46. Rb6+ Kc7 1/2-1/2